 Dungeon Crawl Stone Soup version 0.30.1-4-g462c640d31 (webtiles) character file.

Game seed: 13295135185018616222

36018 ANON1729 the Fighter (level 13, -1/117 HPs)
             Began as a Minotaur Monk on Aug 10, 2023.
             Was a Believer of Uskayaw.
             Slain by a manticore (2 damage)
             ... while petrified by a basilisk
             ... on level 11 of the Dungeon.
             The game lasted 00:14:33 (17373 turns).

ANON1729 the Fighter (Minotaur Monk)               Turns: 17373, Time: 00:14:33

Health: -1/117     AC:  6    Str: 23    XL:     13   Next: 50%
Magic:  19/19      EV:  2    Int:  2    God:    Uskayaw [**....]
Gold:   1145       SH:  0    Dex: 23    Spells: 12/12 levels left

rFire   + . .        o - +1 dagger (elec)
rCold   + . .        d - orb {light}
rNeg    + + +        R - +0 troll leather armour
rPois   ∞            (helmet restricted)
rElec   +            Z - scarf {rC+ rF+}
rCorr   .            (no gloves)
SInv    .            (no boots)
Will    .....        r - amulet of Cujutes {RegenMP rElec rPois Int-5}
Stlth   +            s - +6 ring of strength
HPRegen 1.19/turn    H - +6 ring of dexterity
MPRegen 0.56/turn

%: no passive effects
@: petrified, spiked, glowing
A: horns 2, retaliatory headbutt
a: Renounce Religion, Stomp, Line Pass


You were on level 11 of the Dungeon.
You worshipped Uskayaw.
Uskayaw was aware of your devotion.
You visited 3 branches of the dungeon, and saw 17 of its levels.
You also visited: Ossuary and Bailey.

You collected 1145 gold pieces.

Inventory:

Hand Weapons
 m - the +5 Force Lance {heavy, knockback}
   (You found it on level 2 of the Dungeon)
 o - a +1 dagger of electrocution (weapon)
Missiles
 Q - 2 curare-tipped darts (quivered)
Armour
 d - an orb of light (worn)
 f - the +1 pair of boots of the Blizzard {-Cast Harm Rampage Regen+}
   (You acquired it on level 5 of the Lair of Beasts)

   -Cast:     It prevents spellcasting.
   Regen:     It increases your rate of health regeneration.
   Harm:      It increases damage dealt and taken.
   Rampage:   It bestows one free step when moving towards enemies.
 J - a +2 kite shield
 R - a +0 troll leather armour (worn)
 U - a +0 cloak
 Z - a scarf of resistance (worn)
Jewellery
 r - the amulet of Cujutes (around neck) {RegenMP rElec rPois Int-5}
   (You acquired it on level 5 of the Lair of Beasts)

   [amulet of magic regeneration]

   It increases your rate of magic regeneration.
   Int:       It affects your intelligence (-5).
   rElec:     It insulates you from electricity.
   rPois:     It protects you from poison.
 s - a +6 ring of strength (left hand)
 E - a ring of magical power
 F - a ring of resist corrosion
 G - an amulet of guardian spirit
 H - a +6 ring of dexterity (right hand)
 V - a ring of flight
Wands
 l - a wand of mindburst (5)
 q - a wand of roots (26)
 A - a wand of flame (48)
 K - a wand of quicksilver (1)
 N - a wand of paralysis (9)
Scrolls
 g - 4 scrolls of fear
 i - 4 scrolls of enchant weapon
 j - 7 scrolls of teleportation
 n - 3 scrolls of enchant armour
 p - 4 scrolls of fog
 u - a scroll of magic mapping {unknown}
 w - 4 scrolls of vulnerability
 x - 2 scrolls of immolation
 y - a scroll of brand weapon {unknown}
 C - 3 scrolls of silence
 M - a scroll of amnesia {unknown}
 P - 4 scrolls of poison
 S - a scroll of blinking {unknown}
 Y - a scroll of butterflies {unknown}
Potions
 c - 7 potions of heal wounds
 e - 4 potions of degeneration {unknown}
 h - 4 potions of lignification
 k - 4 potions of haste {unknown}
 t - 3 potions of flight {unknown}
 v - a potion of attraction {unknown}
 z - 11 potions of curing {unknown}
 B - 4 potions of magic {unknown}
 D - 6 potions of might {unknown}
 I - 2 potions of invisibility {unknown}
 L - a potion of berserk rage
 O - 4 potions of brilliance {unknown}
 W - 2 potions of ambrosia
Miscellaneous
 a - a lightning rod (4/4)
 b - a box of beasts
 T - a tin of tremorstones (2/2)


   Skills:
 + Level 11.9 Fighting
 + Level 11.0 Short Blades
 + Level 11.5 Armour
 + Level 11.1 Dodging
 + Level 8.6 Shields
 + Level 9.6 Invocations
 + Level 6.5 Evocations


You had 12 spell levels left.
You didn't know any spells.
Your spell library contained the following spells:

 Spells                   Type           Power      Damage    Failure   Level
 Foxfire                  Conj/Fire      0%         2x1d4     58%         1
 Sandblast                Erth           0%         2d4       58%         1
 Slow                     Hex            0%         N/A       58%         1
 Passwall                 Tmut/Erth      0%         N/A       73%         2
 Poisonous Vapours        Pois/Air       0%         N/A       73%         2
 Confusing Touch          Hex            0%         N/A       91%         3
 Mephitic Cloud           Conj/Pois/Air  0%         N/A       91%         3
 Ozocubu's Armour         Ice            0%         N/A       91%         3
 Stone Arrow              Conj/Erth      0%         3d7       91%         3
 Vampiric Draining        Necr           0%         2d6       91%         3
 Vhi's Electric Charge    Tloc/Air       0%         N/A       91%         3
 Animate Dead             Necr           0%         N/A       100%        4
 Cause Fear               Hex            0%         N/A       100%        4
 Alistair's Intoxication  Tmut/Pois      0%         N/A       100%        5
 Arcjolt                  Conj/Air       0%         1d10      100%        5
 Borgnjor's Vile Clutch   Necr/Erth      0%         N/A       100%        5
 Fireball                 Conj/Fire      0%         3d3       100%        5
 Freezing Cloud           Conj/Ice/Air   0%         6-21      100%        5
 Eringya's Noxious Bog    Tmut/Pois      0%         N/A       100%        6
 Plasma Beam              Fire/Air       0%         2x1d11    100%        6
 Starburst                Conj/Fire      0%         6d3       100%        6
 Dragon Form              Tmut           0%         N/A       100%        7
 Haunt                    Necr/Summ      0%         N/A       100%        7
 Ozocubu's Refrigeration  Ice            0%         4d7       100%        7
 Infestation              Necr           0%         N/A       100%        8
 Maxwell's Capacitive Co  Air            0%         ∞         100%        8
 Dragon's Call            Summ           0%         N/A       100%        9


Dungeon Overview and Level Annotations

Branches:
Dungeon (11/15)            Temple (1/1) D:5            Lair (5/5) D:10
  Swamp (0/4) Lair:3        Snake (0/4) Lair:2        Slime (0/5) Lair:5
    Orc (0/2) D:9         Ossuary (visited)          Bailey (visited)

Altars:
Ashenzari
Cheibriados
Fedhas
Gozag
Kikubaaqudgha
Makhleb
Nemelex Xobeh
Okawaru
Qazlal
Ru
Sif Muna
Trog
Uskayaw
Vehumet
Xom
Yredelemnul
Zin
The Shining One

Shops:
D:9 (

Annotations:
D:4 3 runed translucent doors, 2 transporters, zxspectator's ghost, amateur GrFi
D:5 Edmund


Innate Abilities, Weirdness & Mutations

You have a pair of horns on your head.
You reflexively headbutt those who attack you in melee.


Message History

The unseen horror is moderately wounded.
The basilisk is moderately wounded.
The unseen horror hits you but does no damage.
The basilisk gazes at you.
Your limbs have turned to stone.
The manticore flicks its tail.
The volley of spikes hits you!
The barbed spikes become lodged in your body.
The basilisk gazes at you.
You easily resist.
The yak barely misses you.
You have turned to stone.
The unseen horror hits you. x2; The basilisk bites you.
The manticore bites you but does no damage.
The manticore claws you!
The manticore claws you but does no damage.
The yak gores you!
The unseen horror completely misses you.
The basilisk bites you! The manticore bites you!!
The manticore claws you but does no damage.
The manticore claws you!
An acid dragon comes into view.
The yak completely misses you. The unseen horror barely misses you.
The unseen horror completely misses you.
The basilisk bites you. The manticore bites you!!
* * * LOW HITPOINT WARNING * * *
The manticore claws you.
* * * LOW HITPOINT WARNING * * *
The manticore claws you!
* * * LOW HITPOINT WARNING * * *
The yak gores you!
* * * LOW HITPOINT WARNING * * *
The unseen horror hits you. The basilisk bites you!
* * * LOW HITPOINT WARNING * * *
A manticore comes into view.
The manticore bites you!!
* * * LOW HITPOINT WARNING * * *
The manticore claws you!
* * * LOW HITPOINT WARNING * * *
The manticore claws you.
You die...

...)).........
)#################
.#
........#.......
.#
#......#.^.....#
.# #.....#.......#
.# #.....#.......#
.# #.....#......$#
.#
()#...lY#.......#
.#
H($....@#....>..#
.#
..)...H)........#
.#
.![..x..#.......#
.#
):#.....#.......#
.#
.D......#.......#
.#
#...#.#.#.......#
.#
....#.#.#.......#
.# .#.
#.#.#.......# .#
#(#.......#


You could see 2 manticores, a yak, an unseen horror (invisible), a basilisk and
an acid dragon.

Vanquished Creatures
  A fire dragon (Lair:5)
  2 vault guards (Bailey)
  A centaur warrior (D:10)
  2 two-headed ogres
  Nergalle (D:10)
  A skyshark (Lair:5)
  A swamp dragon (Lair:5)
  A wolf spider (Lair:5)
  An ugly thing (D:10)
  Maurice (D:10)
  8 black mambas
  A guardian serpent (Lair:5)
  9 cane toads
  A gargoyle (D:8)
  2 torpor snails
  4 rime drakes
  4 komodo dragons (Lair:5)
  4 unseen horrors
  4 hornets
  Prince Ribbit (Bailey)
  A troll (D:9)
  A polar bear (Lair:4)
  2 dream sheep (Lair:3)
  3 blink frogs (Lair:3)
  A slime creature (D:10)
  6 basilisks
  A wraith (D:8)
  14 wyverns
  23 yaks
  3 humans (Bailey)
  A redback (Lair:5)
  2 steam dragons (Lair:5)
  Menkaure (D:6)
  A naga (Lair:2)
  A warg (Lair:2)
  4 acid dragons
  23 water moccasins
  Duvessa (D:4)
  A swamp drake (Lair:5)
  3 hornet zombies (Ossuary)
  5 sky beasts
  A black bear (D:5)
  3 ice beasts
  3 orc warriors
  2 ogres
  4 centaurs
  10 wolves
  2 phantoms
  2 kobold brigands
  A gnoll sergeant (D:6)
  17 bullfrogs
  4 scorpions
  A wyvern zombie (Ossuary)
  5 water moccasin zombies (Ossuary)
  7 wights
  Dowan (D:4)
  12 killer bees
  An electric eel (Lair:3)
  A howler monkey (D:8)
  3 centaur zombies (Ossuary)
  5 hounds
  5 bullfrog zombies (Ossuary)
  A gnoll bouda (D:9)
  6 orc priests
  2 jellies
  A sleepcap (D:6)
  6 iguanas
  5 orc wizards
  2 hell rats (Lair:3)
  2 killer bee zombies (Ossuary)
  15 mummies (Ossuary)
  17 gnolls
  10 adders
  7 river rats (Lair:3)
  2 white imps (D:6)
  3 ufetubi (D:5)
  2 worms
  4 dart slugs
  27 orcs
  9 endoplasms
  4 giant cockroaches
  13 goblins
  4 hobgoblins
  8 jackals
  2 quokkas
  3 ball pythons
  12 bats
  3 frilled lizards (D:1)
  17 kobolds
  4 rats
429 creatures vanquished.

Vanquished Creatures (collateral kills)
  An ice beast (Lair:5)
1 creature vanquished.

Vanquished Creatures (others)
  An orc priest (D:11)
1 creature vanquished.

Grand Total: 431 creatures vanquished

Notes
Turn   | Place    | Note
-------+----------+-------------------------------------------
     0 | D:1      | ANON1729 the Minotaur Monk began the quest for the Orb.
     0 | D:1      | Reached XP level 1. HP: 19/19 MP: 0/0
    45 | D:1      | Found a faded altar of an unknown god.
   137 | D:1      | Reached XP level 2. HP: 18/27 MP: 1/1
   265 | D:1      | Reached skill level 1 in Armour
   767 | D:2      | Reached skill level 1 in Invocations
   767 | D:2      | Reached XP level 3. HP: 3/33 MP: 2/2
  1126 | D:2      | Reached XP level 4. HP: 37/40 MP: 4/4
  1340 | D:2      | Found the +5 Force Lance {heavy, knockback}
  1775 | D:3      | Reached XP level 5. HP: 47/47 MP: 5/5
  2476 | D:4      | Noticed a phantom
  2481 | D:4      | Killed a phantom
  2482 | D:4      | Reached XP level 6. HP: 48/55 MP: 6/6
  2505 | D:4      | Found a runed translucent gate.
  2506 | D:4      | Found a runed translucent gate.
  2506 | D:4      | Found a runed translucent gate.
  2548 | D:4      | Reached skill level 5 in Fighting
  2593 | D:4      | Noticed an ice beast
  2596 | D:4      | Noticed zxspectator's ghost (amateur GrFi)
  2692 | D:4      | Noticed a water moccasin
  2697 | D:4      | Killed a water moccasin
  2698 | D:4      | Reached XP level 7. HP: 41/61 MP: 8/8
  2869 | D:4      | Found a transporter.
  3086 | D:4      | Found a transporter.
  3175 | D:5      | Entered Level 5 of the Dungeon
  3178 | D:5      | Reached skill level 5 in Short Blades
  3178 | D:5      | Reached skill level 5 in Dodging
  3325 | D:5      | Noticed Duvessa
  3328 | D:5      | Noticed Dowan
  3444 | D:5      | Found a sacrificial altar of Ru.
  3539 | D:5      | Found a shimmering blue altar of Sif Muna.
  3685 | D:5      | Reached XP level 8. HP: 70/70 MP: 9/9
  3705 | D:5      | Found a staircase to the Ecumenical Temple.
  3814 | Temple   | Entered the Ecumenical Temple
  3820 | Temple   | Became a worshipper of Uskayaw the Reveller
  3820 | Temple   | Reached * piety under Uskayaw
  3855 | D:5      | Noticed Edmund
  4082 | D:5      | Reached ** piety under Uskayaw
  4181 | D:4      | Killed Duvessa
  4182 | D:4      | Reached skill level 5 in Armour
  4327 | D:4      | Killed Dowan
  4671 | D:6      | Reached *** piety under Uskayaw
  4719 | D:6      | Reached **** piety under Uskayaw
  4722 | D:6      | Reached ***** piety under Uskayaw
  5019 | D:6      | Found a sand-covered staircase.
  5054 | D:6      | Reached skill level 5 in Invocations
  5054 | D:6      | Reached XP level 9. HP: 75/79 MP: 11/11
  5063 | Ossuary  | Entered an ossuary
  5143 | Ossuary  | Reached ****** piety under Uskayaw
  6048 | D:6      | Noticed Menkaure
  6051 | D:6      | Killed Menkaure
  7098 | D:7      | Reached skill level 1 in Shields
  7275 | D:7      | Reached skill level 1 in Evocations
  7275 | D:7      | Reached XP level 10. HP: 90/90 MP: 13/13
  7862 | D:8      | Found an ancient bone altar of Kikubaaqudgha.
  7863 | D:8      | Found a glowing silver altar of Zin.
  7982 | D:8      | Noticed a gargoyle
  8006 | D:8      | Killed a gargoyle
  8255 | D:8      | Found a flagged portal.
  8282 | Bailey   | Entered a bailey
  8488 | Bailey   | Noticed Prince Ribbit
  8488 | Bailey   | Noticed a vault guard
  8504 | Bailey   | Killed a vault guard
  8507 | Bailey   | Killed Prince Ribbit
  8674 | Bailey   | Noticed a vault guard
  8683 | Bailey   | Killed a vault guard
  8763 | Bailey   | Reached XP level 11. HP: 75/97 MP: 11/15
  9666 | D:9      | Found a staircase to the Orcish Mines.
  9908 | D:9      | Found Imokazy's Weapon Emporium.
 10154 | D:9      | Noticed a two-headed ogre
 10161 | D:9      | Killed a two-headed ogre
 10162 | D:9      | Reached skill level 5 in Shields
 10441 | D:10     | Entered Level 10 of the Dungeon
 10629 | D:10     | Noticed Maurice
 10656 | D:10     | Killed Maurice
 10657 | D:10     | Reached skill level 10 in Fighting
 10799 | D:10     | Noticed Nergalle
 10813 | D:10     | Killed Nergalle
 10906 | D:10     | Paralysed by a hornet for 3 turns
 11177 | D:10     | Noticed a purple ugly thing
 11185 | D:10     | Killed a purple ugly thing
 11185 | D:10     | Noticed a centaur warrior
 11197 | D:10     | Killed a centaur warrior
 11288 | D:10     | Found a staircase to the Lair.
 11510 | Lair:1   | Entered Level 1 of the Lair of Beasts
 11973 | Lair:1   | Reached XP level 12. HP: 99/107 MP: 15/17
 12391 | Lair:2   | Found a staircase to the Snake Pit.
 12544 | Lair:2   | Identified the +7 battleaxe "Hozaist" {heavy, Int+2 Dex+3}
 12855 | Lair:2   | Reached skill level 10 in Armour
 13352 | Lair:3   | Reached skill level 5 in Evocations
 13524 | Lair:3   | Reached skill level 10 in Dodging
 13678 | Lair:3   | Found a staircase to the Swamp.
 13688 | Lair:3   | Reached skill level 10 in Short Blades
 15282 | Lair:5   | Entered Level 5 of the Lair of Beasts
 15743 | Lair:5   | Identified the +3 rapier of Patience {holy, Contam Fly
                  | Int+4}
 15791 | Lair:5   | Reached XP level 13. HP: 110/116 MP: 18/18
 15841 | Lair:5   | Noticed Nessos
 15853 | Lair:5   | Nessos changed into Nessos the ice beast
 15853 | Lair:5   | Noticed Nessos
 15856 | Lair:5   | Killed Nessos the ice beast
 16216 | Lair:5   | Found a staircase to the Slime Pits.
 16591 | Lair:5   | Identified 2 scrolls of acquirement
 16594 | Lair:5   | Acquired the +1 pair of boots of the Blizzard {-Cast Harm
                  | Rampage Regen+}
 16596 | Lair:5   | Acquired the amulet of Cujutes {RegenMP rElec rPois Int-5}
 16648 | Lair:5   | Noticed a fire dragon
 16659 | Lair:5   | Killed a fire dragon
 17373 | D:11     | HP: 5/117 [manticore (10)]
 17373 | D:11     | HP: 1/117 [manticore (4)]
 17373 | D:11     | Slain by a manticore

Illustrated notes

Levels and vault maps discovered:
D:1:      lemuel_arrival_behind_the_door_large, layout_basic,
          shapermc_ecumenical_altar_mp_ritualfount, serial_park_tiny_pond
D:2:      layout_rooms, minmay_goblin_outpost
D:3:      layout_basic, minmay_bisected
D:4:      gammafunk_cloud_chamber, layout_loops_ring, gammafunk_ghost_icy
D:5:      layout_rooms, jmf_multi_god_temple, minmay_temple_entry_sparse_star,
          interstate_on_off, uniq_duvessa, uniq_edmund
D:6:      layout_basic, nicolae_ossuary_entry_ruins, uniq_menkaure
D:7:      layout_basic, david_defended_altar_orc
D:8:      layout_loops_corners, mainiacjoe_overflow_catwalk_spiral,
          enter_bailey_5, kb_rosetta
D:9:      layout_loops_ring, orc_0_dummy, serial_shops,
          nicolae_shop_tiny_statue_garden, nicolae_underground_beach
D:10:     minmay_cornered_nines, layout_basic, lair_entry_dummy, uniq_maurice,
          uniq_nergalle
D:11:     layout_small_grid, minmay_the_grid_square_5x5_3x3_mashed
          [minmay_the_grid_square_5x5_mess, minmay_the_grid_square_5x5_inner_z,
          minmay_the_grid_square_5x5_beaten_path,
          minmay_the_grid_square_5x5_seven,
          minmay_the_grid_square_5x5_megaprize_hollow,
          minmay_the_grid_square_5x5_three_walls,
          minmay_the_grid_square_5x5_dogpile, minmay_the_grid_square_5x5_empty,
          minmay_the_grid_square_5x5_three]
Temple:   dpeg_three_leaves_temple
Lair:1:   layout_roguey
Lair:2:   beast_lair_carwin_large_1, layout_regular_city,
          guppyfry_snake_entry_garden
Lair:3:   layout_gridlike, swamp_mist_pool, nicolae_lair_grove_arrangements,
          kennysheep_rathole
Lair:4:   layout_regular_city, serial_rivers, chequers_serial_rivers_micro_e,
          chequers_serial_rivers_micro_d, chequers_serial_rivers_room_a,
          chequers_serial_rivers_micro_b, chequers_serial_rivers_small_a,
          chequers_serial_rivers_room_a
Lair:5:   hangedman_lair_tendril_chambers, layout_regular_city,
          guppyfry_lair_end_dragon, dpeg_slime_entry_enclosed, uniq_nessos

Skill      XL: |  1  2  3  4  5  6  7  8  9 10 11 12 13 |
---------------+----------------------------------------+-----
Armour         | 1 2 3 4 6 7 8 9 10 11 | 11.5
Fighting       | 4 5 6 7 8 9 10 11 | 11.9
Invocations    | 1 2 3 5 6 7 8 9 |  9.6
Short Blades   | 4 5 6 7 8 9 10 11 | 11.0
Dodging        | 4 5 6 7 8 9 10 11 | 11.1
Shields        | 1 4 6 7 8 |  8.6
Evocations     | 1 3 4 5 6 |  6.5

Action                     |  1- 3 |  4- 6 |  7- 9 | 10-12 | 13-15 || total
---------------------------+-------+-------+-------+-------+-------++-------
  Melee: Short sword       |    80 |     9 |       |       |       ||    89
         Headbutt          |    23 |     8 |    86 |   180 |    83 ||   380
         Lance             |       |    68 |    31 |       |       ||    99
         Dagger            |       |       |   299 |   643 |   212 ||  1154
         Unarmed           |       |       |       |    12 |       ||    12
 Invoke: Stomp             |       |       |     1 |     3 |     1 ||     5
         Line Pass         |       |       |     2 |     4 |       ||     6
  Evoke: Wand              |       |       |     1 |     4 |     1 ||     6
         Box of beasts     |       |       |       |       |     1 ||     1
    Use: Potion            |     1 |       |     1 |     1 |     2 ||     5
         Scroll            |       |       |     3 |     7 |     4 ||    14
   Stab: Paralysed         |       |       |     8 |    54 |     7 ||    69
         Distracted        |       |       |     1 |       |       ||     1
         Confused          |       |       |       |     3 |     1 ||     4
         Sleeping          |       |       |       |     1 |       ||     1
 Armour: Robe              |    12 |     7 |    17 |     8 |       ||    44
         Troll leather arm |       |       |       |    57 |    27 ||    84
         Skin              |       |       |       |       |     3 ||     3
  Dodge: Dodged            |    50 |    42 |   202 |   425 |   162 ||   881
